 Dungeon Crawl Stone Soup version 0.28.0-1-gb440e238dd (webtiles) character file.

Game seed: 5340721742322061828

23 Woods the Caller (level 2, -1/11 HPs)
             Began as a Felid Summoner on Feb 25, 2022.
             Succumbed to an adder's poison
             ... on level 2 of the Dungeon.
             The game lasted 00:01:54 (1700 turns).

Woods the Caller (Felid Summoner)                   Turns: 1700, Time: 00:01:55

Health: -1/11      AC:  1    Str:  4    XL:     2   Next: 72%
Magic:  13/15      EV: 18    Int: 22    God:
Gold:   51         SH:  0    Dex: 16    Spells: 2/5 levels left
                                        Lives:  0   Deaths: 0

rFire   . . .      SeeInvis +   (weapon unavailable)
rCold   . . .      Faith    .   (shield unavailable)
rNeg    . . .      Spirit   .   (armour unavailable)
rPois   .          Reflect  .   (helmet unavailable)
rElec   .          Harm     .   (cloak unavailable)
rCorr   .          Rampage  .   (gloves unavailable)
Will    .....                   (boots unavailable)
Stlth   ++........              (no amulet)
HPRegen 0.03/turn               c - ring of magical power
MPRegen 0.14/turn               d - +6 ring of intelligence

@: brilliant, lethally poisoned (-1 -> -12), quick
A: very small, claws 1, fangs 3, see invisible, speed 1, shaggy fur 1, stealthy
paws, no weapons or thrown items, no armour, multi-lived
a: no special abilities


You were on level 2 of the Dungeon.
You visited 1 branch of the dungeon, and saw 2 of its levels.

You collected 51 gold pieces.

Inventory:

Jewellery
 c - a ring of magical power (left paw)
 d - a +6 ring of intelligence (right paw)
 f - a ring of protection from fire
 h - a ring of magical power
Scrolls
 a - a scroll of vulnerability {unknown}
 e - 2 scrolls of enchant weapon {unknown}
 g - a scroll of blinking {unknown}


   Skills:
 + Level 3.2 Dodging
 + Level 3.2 Stealth
 + Level 2.2 Spellcasting
 + Level 4.2 Summonings


You had 2 spell levels left.
You knew the following spells:

 Your Spells              Type           Power      Damage    Failure   Level
a - Summon Small Mammal   Summ           100%       N/A       2%          1
b - Call Imp              Summ           31%        N/A       3%          2

Your spell library contained the following spells:

 Spells                   Type           Power      Damage    Failure   Level
 Call Canine Familiar     Summ           31%        N/A       7%          3
 Summon Guardian Golem    Hex/Summ       17%        N/A       17%         3
 Summon Lightning Spire   Summ/Air       17%        N/A       50%         4
 Blade Hands              Tmut           1%         N/A       98%         5
 Portal Projectile        Hex/Tloc       Unusable   N/A       N/A         3
 Excruciating Wounds      Necr           Unusable   N/A       N/A         5

Dungeon Overview and Level Annotations

Branches:
Dungeon (2/15)

Altars:

Annotations:
D:2 Sigmund, Terence


Innate Abilities, Weirdness & Mutations

You have sharp claws.
You have razor-sharp teeth.
You have supernaturally acute eyesight. (SInv)
You cover ground quickly. (Speed+)
You are covered in fur. (AC +1)
Your paws help you pounce on unaware monsters.
You are incapable of wielding weapons or throwing items.
You cannot wear armour.
You gain extra lives every three experience levels.


Message History

An adder is nearby!
An adder is nearby!
An adder is nearby!
Casting: Summon Small Mammal (safe; 2% risk of failure)
Confirm with . or Enter, or press ? or * to list all spells.
The adder misses you.
You barely miss the adder. Your bite misses the adder.
Your quokka disappears in a puff of smoke!
The adder closely misses you.
You swap places.
The adder misses your quokka. The adder bites your quokka.
Your quokka is poisoned.
The adder poisons your quokka!
Your quokka barely misses the adder.
The adder bites your quokka but does no damage.
Your quokka closely misses the adder.
The adder bites your quokka.
Your quokka dies!
Your quokka's corpse disappears in a puff of smoke!
Casting: Summon Small Mammal (safe; 2% risk of failure)
Confirm with . or Enter, or press ? or * to list all spells.
Terence shouts!
The adder bites you.
You are poisoned.
The adder poisons you!
Casting: Summon Small Mammal (safe; 2% risk of failure)
Confirm with . or Enter, or press ? or * to list all spells.
You feel sick. The adder misses you.
You barely miss the adder.
You feel sick. The adder closely misses you.
Your quokka bites the adder.
You catch the helpless adder completely off-guard!
You scratch the adder. You bite the adder.
The adder is almost dead.
You feel sick. The adder bites you.
* * * LOW HITPOINT WARNING * * *
You are more poisoned.
The adder poisons you!
Your quokka closely misses the adder.
Your quokka misses the adder.
It was a potion of brilliance.
You feel clever all of a sudden.
You die...

#.........#.#.#.##..#
##...†.##
###.#####.#.#.##..#
##...## #. #
#.#.##..# ##'## # #
#.#.##.<# #.#
#.#.#@##..# #.######
#.........#
####.#.....
#.....#####......#
#...r.####..#....#
#>..@S.....###...#..
#...r.####..#.......#
#.....# ##....#.#...
####### ####.#.##.#
#.#.. .. #.#### # .#


You could see Terence, an adder (ally target) and 2 friendly quokkas.

Vanquished Creatures
  A dart slug (D:1)
  A giant cockroach (D:1)
  A jackal (D:1)
  2 kobolds (D:1)
  3 bats
8 creatures vanquished.

Vanquished Creatures (collateral kills)
  A dart slug (D:1)
  An endoplasm (D:2)
  A giant cockroach (D:2)
  A goblin (D:1)
  2 jackals (D:1)
  A bat (D:1)
  A kobold (D:2)
  2 rats (D:1)
10 creatures vanquished.

Grand Total: 18 creatures vanquished

Notes
Turn   | Place    | Note
-------+----------+-------------------------------------------
     0 | D:1      | Woods the Felid Summoner began the quest for the Orb.
     0 | D:1      | Reached XP level 1. HP: 7/7 MP: 4/4
   432 | D:1      | Reached XP level 2. HP: 6/11 MP: 6/6
  1185 | D:2      | Noticed Terence
  1192 | D:1      | Learned a level 2 spell: Call Imp
  1222 | D:2      | Noticed Sigmund
  1700 | D:2      | Succumbed to an adder's poison

Illustrated notes

Levels and vault maps discovered:
D:1:      dpeg_arrival_water_temple_mockup, layout_rooms
D:2:      cheibrodos_greedy_goblins, layout_loops_corners, st_stairs_2,
          uniq_terence, uniq_sigmund

Skill      XL: |  1 |
---------------+----+-----
Stealth        | 3 |  3.2
Dodging        | 3 |  3.2
Spellcasting   | |  2.2
Summonings     | |  4.2

Action                   || total
-------------------------++-------
Melee: Unarmed           ||    37
       Bite              ||     2
       Punch             ||     1
 Cast: Summon Small Mamm ||    24
  Use: Potion            ||     1
 Stab: Sleeping          ||     3
       Distracted        ||     2
Armor: Skin              ||     4
Dodge: Dodged            ||    37
